 Dungeon Crawl Stone Soup version 0.30-a0-358-g0d69a1922f (webtiles) character file.

Game seed: 13498203533416879265

26 lunkers the Grasshopper (level 2, -1/25 HPs)
             Began as an Armataur Warper on Nov 10, 2022.
             Slain by a rat (3 damage)
             ... on level 2 of the Dungeon.
             The game lasted 00:00:48 (922 turns).

lunkers the Grasshopper (Armataur Warper)            Turns: 922, Time: 00:00:48

Health: -1/25      AC:  4    Str: 16    XL:     2   Next: 89%
Magic:  4/4        EV:  9    Int: 13    God:
Gold:   41         SH:  3    Dex:  9    Spells: 4/4 levels left

rFire   . . .      SeeInvis .    a - +0 falchion
rCold   . . .      Faith    .    f - +0 buckler
rNeg    . . .      Spirit   .    b - +0 leather armour
rPois   .          Reflect  .    (no helmet)
rElec   .          Harm     .    (no cloak)
rCorr   .          Roll     +    (no gloves)
Will    .....                    (no barding)
Stlth   +.........               (no amulet)
HPRegen 0.24/turn                (no ring)
MPRegen 0.09/turn                (no ring)

@: no status effects
A: large, rugged brown scales 3, deformed body, armoured tail, roll, long
tongue, awkward tongue
a: no special abilities


You were on level 2 of the Dungeon.
You visited 1 branch of the dungeon, and saw 2 of its levels.

You collected 41 gold pieces.

Inventory:

Hand Weapons
 a - a +0 falchion (weapon)
 j - a +0 dagger of flaming
Missiles
 d - 7 boomerangs of dispersal
Armour
 b - a +0 leather armour (worn)
 f - a +0 buckler (worn)
Jewellery
 l - an amulet of reflection
Scrolls
 c - a scroll of blinking
 e - 2 scrolls of amnesia {unknown}
 h - 3 scrolls of teleportation {unknown}
 k - 2 scrolls of identify {unknown}
 m - a scroll of enchant weapon {unknown}
Potions
 g - a potion of curing {unknown}
 i - 2 potions of degeneration {unknown}


   Skills:
 - Level 1.7 Fighting
 + Level 2.6 Long Blades
 - Level 0.8 Throwing
 - Level 1.2 Armour
 - Level 1.3 Dodging
 + Level 1.6 Shields
 - Level 1.7 Spellcasting
 - Level 3.0 Translocations


You had 4 spell levels left.
You didn't know any spells.
Your spell library contained the following spells:

 Spells                   Type           Power      Damage    Failure   Level
 Blink                    Tloc           16%        N/A       17%         2
 Lesser Beckoning         Tloc           16%        N/A       34%         3
 Teleport Other           Tloc           8%         N/A       34%         3
 Foxfire                  Conj/Fire      4%         2x1d4     36%         1
 Vhi's Electric Charge    Tloc/Air       10%        N/A       54%         3
 Manifold Assault         Tloc           8%         N/A       75%         4
 Fireball                 Conj/Fire      0%         3d3       100%        5
 Starburst                Conj/Fire      0%         6d3       100%        6


Dungeon Overview and Level Annotations

Branches:
Dungeon (2/15)

Altars:


Innate Abilities, Weirdness & Mutations

You are completely covered in rugged brown scales. (AC +3, +7% HP)
Armour fits poorly on your strangely shaped body.
You have a long armoured tail.
You roll when moving toward enemies. (Rampage)
Your long tongue fully drains potion bottles. (2x potion effects)
Your tongue gives you trouble enunciating. (1.5x scroll delay)


Message History

A rat comes into view.
You roll towards the hobgoblin!
The hobgoblin hits you.
There are monsters nearby!
You closely miss the hobgoblin. The hobgoblin closely misses you.
There are monsters nearby!
You hit the hobgoblin but do no damage. The hobgoblin hits you. x2
The goblin hits you with a +0 club.
* * * LOW HITPOINT WARNING * * *
You closely miss the goblin. The goblin hits you but does no damage.
The rat barely misses you. The hobgoblin hits you.
* * * LOW HITPOINT WARNING * * *
You completely miss the goblin. The goblin closely misses you.
The rat bites you but does no damage. The hobgoblin closely misses you.
Unknown command.
You barely miss the goblin. The goblin hits you with a +0 club.
* * * LOW HITPOINT WARNING * * *
The rat misses you. The hobgoblin misses you.
Unknown command.
You barely miss the goblin. You tail-slap the goblin.
You kill the goblin!
You block the hobgoblin's attack. The rat bites you but does no damage.
Unknown command.
You hit the hobgoblin.
The hobgoblin is moderately wounded.
The hobgoblin hits you.
* * * LOW HITPOINT WARNING * * *
The rat closely misses you.
You hit the hobgoblin. You tail-slap the hobgoblin.
The hobgoblin is almost dead.
The rat closely misses you. The hobgoblin barely misses you.
The hobgoblin hits you.
* * * LOW HITPOINT WARNING * * *
The rat bites you.
* * * LOW HITPOINT WARNING * * *
You hit the hobgoblin but do no damage.
The hobgoblin is almost dead.
The hobgoblin hits you.
* * * LOW HITPOINT WARNING * * *
The rat bites you.
You die...

#.. #.#.. #.#
....#
#..###<##..)# #
##.##.......###
.##..##......#...
....##$.........
##..##..).......
#...##..@g......
##.
##.#......r..#...
#..
##..#..$.####.#
#.# ##..#..#..# #
#.# ##..##.###.#
#.###..##..# #..#
#.#...##..## ...#
....###..# .#.#
..<###... .#


You could see a hobgoblin and a rat.

Vanquished Creatures
  3 ball pythons
  3 bats (D:1)
  6 hobgoblins
  A quokka (D:1)
  A frilled lizard (D:1)
  2 goblins
  3 kobolds (D:1)
  6 rats
25 creatures vanquished.

Notes
Turn   | Place    | Note
-------+----------+-------------------------------------------
     0 | D:1      | lunkers the Armataur Warper began the quest for the Orb.
     0 | D:1      | Reached XP level 1. HP: 18/18 MP: 3/3
   315 | D:1      | Reached XP level 2. HP: 25/25 MP: 4/4
   360 | D:1      | Reached skill level 1 in Shields
   922 | D:2      | Slain by a rat

Illustrated notes

Levels and vault maps discovered:
D:1:      eino_arrival_tree_alley, layout_basic
D:2:      layout_rooms

Skill      XL: |  1  2 |
---------------+-------+-----
Long Blades    | 2 |  2.6
Shields        | 1 |  1.6
Fighting       | |  1.7
Throwing       | |  0.8
Armour         | |  1.2
Dodging        | |  1.3
Spellcasting   | |  1.7
Translocations | |  3.0

Action                   || total
-------------------------++-------
Melee: Falchion          ||    91
       Tailslap          ||     5
Armor: Leather armour    ||    23
Dodge: Dodged            ||    53
Block: Buckler           ||     8

Table legend: (Time is in decaauts)
 A = Elapsed time spent in this place.
 B = Non-inter-level travel time spent in this place.
 C = Inter-level travel time spent in this place.
 D = Time resting spent in this place.
 E = Time spent auto-exploring this place.
 F = Levels seen in this place.
 G = Mean time per level.
                   A        B        C        D        E       F      G
               +--------+--------+--------+--------+--------+-----+--------+
         Total |    941 |    904 |     37 |      0 |    711 |   2 |  470.5 |
       Dungeon |    941 |    904 |     37 |      0 |    711 |   2 |  470.5 |
               +--------+--------+--------+--------+--------+-----+--------+

Top non-repeatable levels by time:
     D:1: 841 daAuts
     D:2: 99 daAuts
